 Dungeon Crawl Stone Soup version 0.30-b1-2-g02819fbbbe (webtiles) character file.

Game seed: 2946872950997287494

212806 muh the Severer (level 18, 0/193 HPs)
             Began as a Minotaur Fighter on June 12, 2023.
             Was a High Priest of Okawaru.
             Slain by a spark wasp (14 damage)
             ... on level 3 of the Spider Nest.
             The game lasted 01:30:46 (35979 turns).

muh the Severer (Minotaur Fighter)                 Turns: 35979, Time: 01:30:47

Health: 0/193      AC: 34    Str: 34    XL:     18   Next: 25%
Magic:  11/30      EV: 15    Int:  1    God:    Okawaru [*****.]
Gold:   2308       SH:  0    Dex: 14    Spells: 17/17 levels left

rFire   + + .        J - +5 broad axe (freeze)
rCold   . . .        Y - orb of Vanity {light, Will++ Str+5 Int-4}
rNeg    + . .        n - +5 chain mail "Laoqosot" {rN+ Str+4}
rPois   +            c - +5 hat of Miracles {+Inv Fly rF+}
rElec   .            y - +2 cloak {Will+}
rCorr   +            (no gloves)
SInv    .            x - +2 pair of boots {Fly}
Will    ++++.        I - amulet of the acrobat Stlth
                     M - ring of resist corrosion
HPRegen 0.52/turn    X - ring of poison resistance
MPRegen 0.22/turn

%: acrobat, clarity
@: heroic, flying, glowing
A: horns 2, retaliatory headbutt, clarity, fire resistance 1, robust 1, wild
magic 1
}: 1/15 runes: decaying
a: Renounce Religion, Evoke Invisibility, Heroism, Finesse, Duel


You were on level 3 of the Spider Nest.
You worshipped Okawaru.
Okawaru was extremely pleased with you.
You visited 7 branches of the dungeon, and saw 32 of its levels.
You also visited: Ossuary.

You collected 2840 gold pieces.
You spent 532 gold pieces at shops.

Inventory:

Hand Weapons
 r - a +1 demon whip of freezing
 J - a +5 broad axe of freezing (weapon)
Missiles
 P - 8 javelins (quivered)
Armour
 c - the +5 hat of Miracles (worn) {+Inv Fly rF+}
   (Okawaru gifted it to you on level 1 of the Swamp)

   rF:        It protects you from fire.
   +Inv:      It lets you turn invisible.
   Fly:       It grants you flight.
 n - the +5 chain mail "Laoqosot" (worn) {rN+ Str+4}
   (You found it on level 2 of the Dungeon)

   Str:       It affects your strength (+4).
   rN:        It protects you from negative energy.
 x - a +2 pair of boots of flying (worn)
 y - a +2 cloak of willpower (worn)
 Y - the orb of Vanity (worn) {light, Will++ Str+5 Int-4}
   (You found it on level 13 of the Dungeon)

   Str:       It affects your strength (+5).
   Int:       It affects your intelligence (-4).
   Will:      It greatly increases your willpower.
Jewellery
 a - a +5 ring of evasion
 f - a ring of fire
 g - a ring of willpower
 z - a ring of fire
 E - a ring of see invisible
 I - an amulet of the acrobat (around neck)
 K - a ring of ice
 M - a ring of resist corrosion (left hand)
 N - a +4 ring of protection
 S - a ring of positive energy
 X - a ring of poison resistance (right hand)
Wands
 u - a wand of quicksilver (29)
 A - a wand of flame (63)
 B - a wand of digging (7)
 V - a wand of mindburst (3)
Scrolls
 b - 6 scrolls of poison
 i - 13 scrolls of teleportation
 k - 6 scrolls of fear
 m - 2 scrolls of summoning
 o - 2 scrolls of brand weapon
 s - 3 scrolls of blinking
 t - 7 scrolls of magic mapping
 v - 2 scrolls of vulnerability
 w - 2 scrolls of silence
 C - 10 scrolls of immolation
 L - a scroll of fog
 O - 5 scrolls of enchant armour
 T - 2 scrolls of identify
Potions
 d - 2 potions of might
 e - 6 potions of magic
 h - 4 potions of heal wounds
 j - a potion of ambrosia
 l - 6 potions of curing
 p - 5 potions of mutation
 D - 5 potions of attraction
 F - 6 potions of haste
 G - 3 potions of cancellation
 H - a potion of berserk rage
Miscellaneous
 q - a condenser vane
 Q - a phial of floods
 W - a lightning rod (4/4)


   Skills:
 + Level 19.0(24.0) Fighting
 - Level 20.2(25.2) Axes
 + Level 18.1(23.1) Armour
 + Level 6.0(11.0) Dodging
 - Level 8.7(13.7) Shields
 - Level 18.0 Invocations
 + Level 0.1 Evocations


You had 17 spell levels left.
You didn't know any spells.
Your spell library contained the following spells:

 Spells                   Type           Power      Damage    Failure   Level
 Kiss of Death            Conj/Necr      0%         2d5       86%         1
 Sting                    Tmut/Pois      0%         1d3       86%         1
 Poisonous Vapours        Pois/Air       0%         N/A       94%         2
 Static Discharge         Conj/Air       0%         2-2/arc   94%         2
 Sublimation of Blood     Necr           0%         N/A       94%         2
 Confusing Touch          Hex            0%         N/A       99%         3
 Dazzling Flash           Conj/Hex       0%         N/A       99%         3
 Inner Flame              Hex/Fire       0%         N/A       99%         3
 Portal Projectile        Hex/Tloc       0%         N/A       99%         3
 Airstrike                Air            0%         2d(0-16)  100%        4
 Dispel Undead            Necr           0%         3d6       100%        4
 Flame Wave               Conj/Fire      0%         2d4       100%        4
 Manifold Assault         Tloc           0%         N/A       100%        4
 Olgreb's Toxic Radiance  Pois           0%         N/A       100%        4
 Petrify                  Tmut/Erth      0%         N/A       100%        4
 Sticky Flame             Conj/Fire      0%         2d3       100%        4
 Agony                    Necr           0%         N/A       100%        5
 Blade Hands              Tmut           0%         N/A       100%        5
 Irradiate                Conj/Tmut      0%         3d11      100%        5
 Silence                  Hex/Air        0%         N/A       100%        5
 Dispersal                Tloc           0%         N/A       100%        6
 Eringya's Noxious Bog    Tmut/Pois      0%         N/A       100%        6
 Iron Shot                Conj/Erth      0%         9d1       100%        6
 Disjunction              Tloc           0%         N/A       100%        8
 Tukima's Dance           Hex            Unusable   N/A       N/A         3
 Animate Armour           Summ/Erth      Unusable   N/A       N/A         4
 Summon Lightning Spire   Summ/Air       Unusable   N/A       N/A         4
 Summon Forest            Summ/Tloc      Unusable   N/A       N/A         5
 Summon Hydra             Summ           Unusable   N/A       N/A         7

Dungeon Overview and Level Annotations

Branches:
Dungeon (15/15)            Temple (1/1) D:5            Lair (5/5) D:9
  Swamp (4/4) Lair:2       Spider (4/4) Lair:3        Slime (1/5) Lair:4
    Orc (2/2) D:9             Elf (0/3) Orc:2        Vaults (0/5) D:14
 Depths (0/4) D:15        Ossuary (visited)

Altars:
Ashenzari
Cheibriados
Elyvilon
Fedhas
Gozag
Hepliaklqana
Kikubaaqudgha
Makhleb
Nemelex Xobeh
Okawaru
Qazlal
Ru
Sif Muna
Trog
Uskayaw
Vehumet
Wu Jian
Xom
Yredelemnul
Zin
The Shining One
Jiyva

Shops:
D:4 (   D:8 !   Orc:2 :!*:

Portals:
Trove: D:11 (give 5 scrolls of fog)

Annotations:
D:8 3 runed translucent doors, MackTheKnife's ghost, novice DjFi
D:10 1 runed translucent door, HumbleHazard's ghost, novice MiBe
Lair:5 exclusion: obsidian statue
Spider:4 Asterion


Innate Abilities, Weirdness & Mutations

You have a pair of horns on your head.
You reflexively headbutt those who attack you in melee.
You possess an exceptional clarity of mind.
Your flesh is heat resistant. (rF+)
You are robust. (+10% HP)
Your spells are a little harder to cast, but a little more powerful.


Message History

The spark wasp stings you but does no damage.
The culicivora completely misses you. You furiously retaliate!
You headbutt the culicivora, but do no damage.
The tarantella touches you.
* * * LOW HITPOINT WARNING * * *
The torpor snail bites you but does no damage.
You hit the torpor snail but do no damage.
The torpor snail is severely wounded.
You slash the tarantella! You freeze the tarantella. You slash the culicivora!
You freeze the culicivora.
You kill the culicivora!
Okawaru accepts your kill.
You barely miss the spark wasp.
The tarantella touches you but does no damage.
The spark wasp stings you.
* * * LOW HITPOINT WARNING * * *
The spark wasp shocks you!
* * * LOW HITPOINT WARNING * * *
The tarantella closely misses you. You furiously retaliate!
You headbutt the tarantella.
The spark wasp stings you but does no damage.
The torpor snail misses you. You furiously retaliate!
You headbutt the torpor snail, but do no damage.
You slice the torpor snail!! You freeze the torpor snail.
You headbutt the torpor snail.
You kill the torpor snail!
Okawaru accepts your kill.
You slice the spark wasp!! You freeze the spark wasp.
You slice the tarantella!! You freeze the tarantella.
You kill the tarantella!
Okawaru accepts your kill.
You feel yourself speed up. The spark wasp stings you!
* * * LOW HITPOINT WARNING * * *
The spark wasp shocks you!
* * * LOW HITPOINT WARNING * * *
The spark wasp stings you.
* * * LOW HITPOINT WARNING * * *
The spark wasp shocks you!
You die...

#...^..^#....#....###.#..#^.....#
.#...#.........^^###.......#....#
.^......#.#...#.## ##......#.#.^.
#.............### ##......^.##^
#..^.......^.^.#### ##....^...###
####.......#.##...###...#...#..##
##...#.^.##..#...#...###.....†#
##.........#.#.††.....# ##......
#^...#......#..@..#..## ##...#.
##...#..<..^^.y#†...## ##.###
##...........#..^..# ###
###^.....##.^...###
###.#####....## ### #...## #...#
##.## ###


You could see a spark wasp.

Vanquished Creatures
  Arachne (Spider:2)
  Mlioglotl (Spider:2)
  Frances (D:12)
  4 thorn hunters
  The ghost of popps the Tortoise, an adept MiBe of Trog (Swamp:3)
  An emperor scorpion (Spider:3)
  3 ghost moths
  An orc warlord (Orc:1)
  3 broodmothers (Spider:3)
  A stone giant (D:15)
  4 dire elephants (Lair:5)
  2 eleionomae
  2 vampire knights (Swamp:4)
  7 bunyips
  A spark wasp (Spider:2)
  2 entropy weavers
  3 fire dragons
  Josephine (D:15)
  6 shambling mangroves
  Fannar (D:11)
  A catoblepas (D:14)
  20 hydras
  3 radroaches
  2 ghost crabs
  A spriggan air mage (Swamp:3)
  5 centaur warriors
  Erica (Orc:1)
  5 boulder beetles
  7 two-headed ogres
  An ogre mage (D:15)
  10 alligators
  7 death yaks
  4 tengu warriors (D:15)
  Urug (Lair:2)
  Amaemon (D:8)
  A sun demon (D:10)
  Sonja (Lair:3)
  2 spectral dire elephants (Lair:5)
  3 skysharks
  4 pharaoh ants
  A death drake (Swamp:4)
  A spectral death yak (Lair:5)
  A sun moth (Spider:3)
  A spectral anaconda (Lair:5)
  A sixfirhy (D:10)
  8 swamp dragons
  11 orb spiders
  5 bog bodies
  2 goliath frogs
  5 spriggan druids
  4 spectral hydras (Swamp:4)
  3 wizards
  5 necromancers
  8 steelbarb worms
  5 orc knights
  3 lindwurms (Swamp:3)
  A phantasmal warrior (Swamp:4)
  2 deep elf pyromancers
  4 ugly things (D:15)
  A shining eye (Slime:1)
  3 oklob plants (Swamp:4)
  22 wolf spiders
  5 manticores
  3 moths of wrath
  2 will-o-the-wisps
  Maurice (D:12)
  5 demonic crawlers
  25 elephants
  Joseph (D:9)
  A smoke demon (D:10)
  An orange demon (D:8)
  2 gargoyles (D:12)
  5 black mambas
  4 torpor snails
  2 efreet
  An unseen horror (D:10)
  10 cane toads
  A dire elephant skeleton (Lair:5)
  8 komodo dragons
  5 kobold demonologists
  A freezing wraith (Swamp:4)
  4 rime drakes
  6 yaktaurs (D:15)
  A polar bear (Lair:5)
  3 hydra zombies (Swamp:4)
  10 trolls
  3 meliai (Spider:1)
  A bloated husk (Swamp:3)
  3 hydra skeletons (Swamp:4)
  8 tyrant leeches
  3 spectral elephants (Lair:5)
  23 hornets
  25 tarantellas
  7 blink frogs
  7 slime creatures
  22 jumping spiders
  3 shadows
  2 ynoxinuls (D:10)
  39 yaks
  16 culicivoras
  6 wraiths
  4 basilisks
  Eustachio (D:5)
  A centaur simulacrum (D:15)
  8 spriggans
  A wyvern (Lair:2)
  A culicivora (shapeshifter) (Spider:3)
  A chaos spawn (D:10)
  66 redbacks
  4 steam dragons
  18 vampire mosquitoes
  Grum (D:11)
  6 wargs (Orc:2)
  A spectral cane toad (Lair:5)
  A death yak simulacrum (Lair:5)
  9 swamp worms
  4 acid dragons
  Edmund (D:5)
  2 hydra simulacra (Swamp:4)
  Duvessa (D:4)
  12 water moccasins
  5 swamp drakes (Swamp:4)
  A sky beast (D:7)
  38 orc warriors
  A black bear (D:5)
  A swamp dragon zombie (Swamp:4)
  20 wolves
  3 ogres
  An elephant skeleton (Lair:5)
  2 swamp dragon skeletons (Swamp:4)
  21 centaurs
  A phantom (D:9)
  Blork the orc (D:5)
  2 elf zombies (Ossuary)
  5 kobold brigands
  7 bullfrogs
  A gnoll sergeant (D:9)
  A cane toad simulacrum (Lair:5)
  5 scorpions
  5 wights (D:9)
  2 troll zombies (D:9)
  Dowan (D:4)
  10 killer bees (D:9)
  5 howler monkeys
  A vampire bat (D:5)
  8 electric eels
  2 centaur zombies (Ossuary)
  2 quasits (D:10)
  Crazy Yiuf (D:2)
  2 jellies (D:6)
  15 orc priests
  3 hounds
  4 gnoll boudas
  A sleepcap (D:8)
  Jessica (D:3)
  5 iguanas
  19 orc wizards
  Natasha (thrice) (D:4)
  A polar bear simulacrum (D:15)
  4 yak simulacra (D:15)
  4 ogre zombies (D:9)
  2 mummies (Ossuary)
  26 gnolls
  3 adders
  2 white imps
  2 ufetubi
  4 worms
  2 dart slugs (D:4)
  3 fire bats (D:5)
  68 orcs
  2 spectral bats (D:5)
  3 bat skeletons (D:5)
  A bat zombie (D:5)
  12 endoplasms
  4 giant cockroaches (D:1)
  31 goblins
  34 hobgoblins
  A jackal (D:1)
  21 kobolds
  2 quokkas
  9 ball pythons
  16 bats
  A bat simulacrum (D:5)
  3 frilled lizards
  A goblin skeleton (D:9)
  2 goblin zombies
  A hobgoblin skeleton (D:9)
  16 hobgoblin zombies
  A jackal zombie (Ossuary)
  10 kobold zombies (Ossuary)
  2 orc skeletons (D:9)
  17 orc zombies
  10 rats
  A rat zombie (Ossuary)
  6 river rat simulacra (D:15)
  11 briar patches (Swamp:4)
1186 creatures vanquished.

Vanquished Creatures (others)
  A ghost moth (Spider:3)
  A skyshark (Lair:3)
  2 torpor snails (Spider:2)
  An unseen horror (D:11)
  3 bloated husks
  A tarantella (Spider:3)
  An orc warrior (Orc:2)
  2 orcs (Orc:2)
  A bush (Lair:5)
  3 demonic plants (D:10)
  6 foxfires
  39 fungi
  73 plants
  22 withered plants (Lair:5)
156 creatures vanquished.

Grand Total: 1342 creatures vanquished

Notes
Turn   | Place    | Note
-------+----------+-------------------------------------------
     0 | D:1      | muh the Minotaur Fighter began the quest for the Orb.
     0 | D:1      | Reached XP level 1. HP: 19/19 MP: 0/0
     1 | D:1      | Found a runed translucent door.
   268 | D:1      | Reached XP level 2. HP: 26/26 MP: 1/1
   278 | D:1      | Reached skill level 3 in Axes
   460 | D:1      | Reached XP level 3. HP: 31/31 MP: 2/2
   823 | D:2      | Identified the +5 chain mail "Laoqosot" {rN+ Str+4}
   991 | D:2      | Reached skill level 4 in Axes
  1241 | D:2      | Found a runed translucent door.
  1242 | D:2      | Noticed Crazy Yiuf
  1247 | D:2      | Killed Crazy Yiuf
  1248 | D:2      | Reached skill level 5 in Shields
  1248 | D:2      | Reached XP level 4. HP: 39/39 MP: 3/3
  1409 | D:3      | Reached XP level 5. HP: 35/45 MP: 4/4
  1469 | D:3      | Noticed Jessica
  1475 | D:3      | Killed Jessica
  1476 | D:3      | Reached skill level 5 in Axes
  1479 | D:3      | Found a shimmering blue altar of Sif Muna.
  2106 | D:4      | Noticed Natasha
  2116 | D:4      | Killed Natasha
  2203 | D:4      | Found Uppios's Weapon Boutique.
  2320 | D:4      | Noticed Natasha
  2328 | D:4      | Killed Natasha
  2329 | D:4      | Reached XP level 6. HP: 51/51 MP: 5/5
  2449 | D:4      | Noticed Natasha
  2457 | D:4      | Killed Natasha
  2458 | D:4      | Reached skill level 6 in Axes
  2703 | D:4      | Noticed Dowan
  2719 | D:4      | Noticed Duvessa
  2723 | D:4      | Killed Dowan
  2726 | D:4      | Reached skill level 7 in Axes
  2730 | D:4      | Killed Duvessa
  2731 | D:4      | Reached skill level 8 in Axes
  2731 | D:4      | Reached XP level 7. HP: 57/57 MP: 6/6
  2993 | D:5      | Entered Level 5 of the Dungeon
  3004 | D:5      | Found a radiant altar of Vehumet.
  3082 | D:5      | Found a snail-covered altar of Cheibriados.
  3082 | D:5      | Found an ornate altar of the Wu Jian Council.
  3082 | D:5      | Found an iron altar of Okawaru.
  3082 | D:5      | Found an opulent altar of Gozag.
  3083 | D:5      | Found a blossoming altar of Fedhas.
  3085 | D:5      | Found a glowing silver altar of Zin.
  3086 | D:5      | Found a hazy altar of Hepliaklqana.
  3088 | D:5      | Found a burning altar of Makhleb.
  3091 | D:5      | Became a worshipper of Warmaster Okawaru
  3129 | D:5      | Noticed Blork the orc
  3139 | D:5      | Killed Blork the orc
  3163 | D:5      | Noticed Edmund
  3172 | D:5      | Killed Edmund
  3173 | D:5      | Reached skill level 9 in Axes
  3437 | D:5      | Reached * piety under Okawaru
  3438 | D:5      | Reached skill level 10 in Axes
  3449 | D:5      | Found a staircase to the Ecumenical Temple.
  3501 | D:5      | Noticed Eustachio
  3514 | D:5      | Killed Eustachio
  3515 | D:5      | Reached XP level 8. HP: 51/64 MP: 7/7
  3672 | Temple   | Entered the Ecumenical Temple
  3834 | D:5      | Reached skill level 11 in Axes
  4515 | D:6      | Reached skill level 12 in Axes
  4659 | D:4      | Bought a +2 broad axe of freezing for 192 gold pieces
  5373 | D:6      | Reached ** piety under Okawaru
  5374 | D:6      | Reached skill level 13 in Axes
  5626 | D:6      | Reached XP level 9. HP: 70/71 MP: 8/8
  5631 | D:6      | Reached skill level 1 in Invocations
  5969 | D:7      | Reached skill level 5 in Fighting
  6673 | D:8      | Found a bloodstained altar of Trog.
  6702 | D:8      | Found a runed translucent gate.
  6705 | D:8      | Gained mutation: You are robust. (+10% HP) [potion of
                  | mutation]
  6705 | D:8      | Gained mutation: Your flesh is heat resistant. (rF+)
                  | [potion of mutation]
  6705 | D:8      | Gained mutation: You possess an exceptional clarity of
                  | mind. [potion of mutation]
  6705 | D:8      | Gained mutation: Your spells are a little harder to cast,
                  | but a little more powerful. [potion of mutation]
  6724 | D:8      | Found a runed translucent gate.
  6726 | D:8      | Found a runed translucent gate.
  6796 | D:8      | Found a sand-covered staircase.
  6798 | D:8      | Found Omaesh's Distillery.
  6810 | Ossuary  | Entered an ossuary
  7062 | D:8      | Bought a potion of heal wounds for 65 gold pieces
  7062 | D:8      | Bought a potion of might for 52 gold pieces
  7091 | D:8      | Reached skill level 5 in Invocations
  7133 | D:8      | Reached *** piety under Okawaru
  7250 | D:8      | Noticed Amaemon
  7256 | D:8      | Noticed an orange demon
  7260 | D:8      | Killed Amaemon
  7261 | D:8      | Reached skill level 5 in Armour
  7261 | D:8      | Reached XP level 10. HP: 69/97 MP: 12/12
  7268 | D:8      | Killed an orange demon
  7759 | D:8      | Noticed MackTheKnife's ghost (novice DjFi)
  7901 | D:9      | Reached **** piety under Okawaru
  7939 | D:9      | Found a staircase to the Orcish Mines.
  8232 | D:9      | Reached skill level 10 in Fighting
  8236 | D:9      | Noticed Joseph
  8251 | D:9      | Killed Joseph
  8251 | D:9      | Received a gift from Okawaru
  8437 | D:9      | Found a staircase to the Lair.
  8634 | D:9      | Reached ***** piety under Okawaru
  9101 | D:10     | Entered Level 10 of the Dungeon
  9111 | D:10     | Found a runed translucent door.
  9111 | D:10     | Found a shimmering altar of Xom.
  9111 | D:10     | Noticed HumbleHazard's ghost (novice MiBe)
  9112 | D:10     | Noticed a +0 scimitar of chaos
  9123 | D:10     | Reached XP level 11. HP: 111/112 MP: 10/13
  9262 | D:10     | Found a hide-covered altar of Uskayaw.
  9323 | D:10     | Noticed a sun demon
  9333 | D:10     | Killed a sun demon
  9547 | D:10     | Noticed a sixfirhy
  9558 | D:10     | Killed a sixfirhy
  9558 | D:10     | Identified the +1 chain mail of Dishonesty {Regen+ rCorr
                  | Dex+3} (Okawaru gifted it to you on level 10 of the
                  | Dungeon)
  9558 | D:10     | Received a gift from Okawaru
  9559 | D:10     | Reached skill level 10 in Armour
  9780 | D:10     | Identified the +7 trident "Giantslayer" {holy, Drain +Blink
                  | rElec rPois}
  9994 | D:10     | Identified the +0 mace "Arcanum" {pain, Str+6 Dex+3}
 10478 | Lair:1   | Entered Level 1 of the Lair of Beasts
 11425 | Lair:2   | Found a staircase to the Swamp.
 11661 | Lair:2   | Reached XP level 12. HP: 126/126 MP: 15/15
 12242 | Lair:2   | Noticed Urug
 12253 | Lair:2   | Killed Urug
 12860 | Lair:3   | Noticed a death yak
 12860 | Lair:3   | Noticed a seven-headed hydra
 12882 | Lair:3   | Killed a death yak
 12882 | Lair:3   | Received a gift from Okawaru
 12890 | Lair:3   | Killed a seven-headed hydra
 13367 | Lair:3   | Noticed a boulder beetle
 13387 | Lair:3   | Killed a boulder beetle
 13519 | Lair:3   | Noticed a four-headed hydra
 13530 | Lair:3   | Killed a four-headed hydra
 13564 | Lair:3   | Noticed Sonja
 13566 | Lair:3   | Killed Sonja
 13567 | Lair:3   | Reached skill level 15 in Fighting
 14060 | Lair:3   | Found a hole to the Spider Nest.
 14083 | Lair:3   | Reached XP level 13. HP: 90/139 MP: 16/18
 14901 | Lair:4   | Found a staircase to the Slime Pits.
 14902 | Lair:4   | Found a viscous altar of Jiyva.
 14909 | Lair:4   | Reached ****** piety under Okawaru
 15062 | Lair:4   | Found a broken altar of Ashenzari.
 15086 | Lair:4   | You are sucked into a shaft and drop 1 floor!
 15086 | Lair:5   | Entered Level 5 of the Lair of Beasts
 15095 | Lair:5   | Received a gift from Okawaru
 15101 | Lair:5   | Identified the +9 quarterstaff "Arecler" {vamp, rElec}
 15143 | Lair:5   | Noticed a dire elephant
 15143 | Lair:5   | Noticed a dire elephant
 15144 | Lair:5   | Noticed a dire elephant
 15316 | Lair:5   | Found a broken altar of Ashenzari.
 15432 | Lair:5   | Reached skill level 10 in Invocations
 15473 | Lair:5   | Reached skill level 15 in Armour
 15640 | Lair:5   | Noticed a dire elephant
 15657 | Lair:5   | Killed a dire elephant
 16597 | Lair:5   | Reached XP level 14. HP: 151/151 MP: 21/21
 16623 | Lair:5   | Received a gift from Okawaru
 17319 | Lair:5   | Identified the +4 arbalest of Terror {heavy, rC++}
 17720 | Orc:1    | Entered Level 1 of the Orcish Mines
 17720 | Orc:1    | Noticed Erica
 17726 | Orc:1    | Killed Erica
 18143 | Orc:2    | Entered Level 2 of the Orcish Mines
 18170 | Orc:2    | Noticed an orc warlord
 18263 | Orc:1    | Killed an orc warlord
 18376 | Orc:2    | Identified the +0 scale mail of Impermeability {Str+3}
                  | (Okawaru gifted it to you on level 2 of the Orcish Mines)
 18376 | Orc:2    | Received a gift from Okawaru
 18473 | Orc:2    | Found a staircase to the Elven Halls.
 19578 | Orc:2    | Found Dulaus's General Store.
 19578 | Orc:2    | Found Binawiz's Distillery.
 19578 | Orc:2    | Found Oshreaxo's Book Shoppe.
 19581 | Orc:2    | Found Zuhiumic's Book Boutique.
 19585 | Orc:2    | Bought a scroll of magic mapping for 105 gold pieces
 19585 | Orc:2    | Bought a potion of heal wounds for 70 gold pieces
 19586 | Orc:2    | Bought a potion of curing for 48 gold pieces
 19958 | D:11     | Noticed Grum
 19959 | D:11     | Noticed Fannar
 20042 | D:11     | Killed Grum
 20413 | D:11     | Killed Fannar
 20603 | D:11     | Found a portal to a secret trove of treasure.
 20974 | D:12     | Noticed Maurice
 20987 | D:12     | Killed Maurice
 21579 | D:12     | Noticed Frances
 21589 | D:12     | Killed Frances
 21590 | D:12     | Reached XP level 15. HP: 134/163 MP: 21/23
 21743 | D:12     | Received a gift from Okawaru
 22279 | D:13     | Reached skill level 14 in Axes
 22716 | D:13     | Identified the orb of Vanity {light, Will++ Str+5 Int-4}
 23569 | D:14     | Found a gate to the Vaults.
 24083 | D:15     | Entered Level 15 of the Dungeon
 24141 | D:15     | Received a gift from Okawaru
 24154 | D:15     | Reached skill level 15 in Axes
 24378 | D:15     | Noticed Josephine
 24379 | D:15     | Found a staircase to the Depths.
 24394 | D:15     | Killed Josephine
 25123 | D:15     | Received a gift from Okawaru
 25186 | D:15     | Identified the +2 cloak of the Seven Prophets {Rampage rN+}
 25261 | D:15     | Reached skill level 16 in Axes
 25319 | D:15     | Found a sacrificial altar of Ru.
 25633 | Swamp:1  | Entered Level 1 of the Swamp
 26131 | Swamp:1  | Reached skill level 15 in Invocations
 26208 | Swamp:1  | Found a hide-covered altar of Uskayaw.
 26226 | Swamp:1  | Reached XP level 16. HP: 87/172 MP: 24/26
 26410 | Swamp:1  | Identified the +5 hat of Miracles {+Inv Fly rF+} (Okawaru
                  | gifted it to you on level 1 of the Swamp)
 26410 | Swamp:1  | Received a gift from Okawaru
 27064 | Swamp:2  | Reached skill level 17 in Axes
 28317 | Swamp:3  | Found a runed translucent door.
 28318 | Swamp:3  | Noticed a thorn hunter
 28322 | Swamp:3  | Noticed popps's ghost (adept MiBe)
 28346 | Swamp:3  | Killed popps's ghost
 28352 | Swamp:3  | Killed a thorn hunter
 28886 | Swamp:3  | Reached skill level 18 in Axes
 29206 | Swamp:4  | Entered Level 4 of the Swamp
 29891 | Swamp:4  | Noticed a thorn hunter
 29910 | Swamp:4  | Killed a thorn hunter
 29910 | Swamp:4  | Received a gift from Okawaru
 29923 | Swamp:4  | Noticed a thorn hunter
 29934 | Swamp:4  | Killed a thorn hunter
 30215 | Swamp:4  | Reached skill level 19 in Axes
 30703 | Swamp:4  | Reached XP level 17. HP: 173/179 MP: 28/28
 30828 | Swamp:4  | Found a blossoming altar of Fedhas.
 30889 | Swamp:4  | Found a basalt altar of Yredelemnul.
 31105 | Swamp:4  | Got a decaying rune of Zot
 31228 | Spider:1 | Entered Level 1 of the Spider Nest
 31573 | Spider:1 | Received a gift from Okawaru
 31989 | Spider:1 | Reached skill level 20 in Axes
 32377 | Slime:1  | Entered Level 1 of the Pits of Slime
 32599 | Spider:2 | Reached skill level 1 in Dodging
 32990 | Spider:2 | Noticed Mlioglotl
 33003 | Spider:2 | Killed Mlioglotl
 33824 | Spider:2 | Noticed Arachne
 33844 | Spider:2 | Killed Arachne
 34626 | Spider:3 | Received a gift from Okawaru
 34682 | Spider:3 | Reached XP level 18. HP: 119/190 MP: 10/30
 34819 | Spider:3 | Reached skill level 5 in Dodging
 35310 | Spider:4 | Entered Level 4 of the Spider Nest
 35633 | Spider:4 | Noticed Asterion
 35979 | Spider:3 | Slain by a spark wasp

Illustrated notes

Levels and vault maps discovered:
D:1:      dpeg_arrival_caged_fury, layout_loops_ring, serial_glass,
          glass_columns_c, glass_columns_b, feat_on_display
D:2:      layout_rooms, uniq_crazy_yiuf_cottage
D:3:      layout_loops_cross, tgw_sif, minmay_close_crescents
D:4:      layout_gridville, serial_shops, nicolae_shop_just_a_little_nook,
          uniq_natasha, uniq_duvessa
D:5:      layout_layer_cave, vehumet_altar_wand_db, minitemple,
          minmay_temple_entry_hall, goddamned_bats, uniq_eustachio,
          uniq_blork_the_orc, uniq_edmund
D:6:      minmay_goblin_kobold_castle, layout_cave_pods
D:7:      layout_basic
D:8:      layout_gridville, mainiacjoe_overflow_paths, serial_shops, shop,
          chequers_ossuary_entry_cave, gammafunk_ghost_necromancy, uniq_amaemon
D:9:      layout_loops_ring, lair_entry_dummy, zombieorc1_lemuel, uniq_joseph
D:10:     layout_long_grid, mainiacjoe_overflow_alcove_2, ebering_ghost_xom,
          serial_demonic, serial_demonic_f, serial_demonic_f, serial_demonic_d,
          serial_demonic_f, minmay_starry_boxes
D:11:     layout_long_grid, nicolae_trove_entry_crystal, uniq_grum, uniq_fannar
D:12:     layout_basic, drop_trap, uniq_frances, uniq_maurice
D:13:     layout_basic, kennysheep_generic_room_9
D:14:     layout_roguey, david_vaults_1, kennysheep_another_room,
          chequers_serial_rivers_room_b, nrook_mini_vaults
D:15:     grunt_enter_depths_snipers, layout_small_grid,
          nicolae_ru_path_of_blood, eino_house_with_fridge, uniq_josephine
Temple:   eino_wide_crystal_templ
Lair:1:   layout_loops_ring, infiniplex_staircase_pool
Lair:2:   layout_regular_city, minmay_swamp_entry_reptiles, uniq_urug
Lair:3:   nzn_winding_woodlands_stair_trap [nzn_winding_woodlands_5x15_eye,
          nzn_winding_woodlands_5x15_pool, nzn_winding_woodlands_5x15_parted,
          nzn_winding_woodlands_15x15_thick_spiral,
          nzn_winding_woodlands_5x15_split_checker,
          nzn_winding_woodlands_5x15_lazy_stream,
          nzn_winding_woodlands_5x15_sawtooth], layout_loops_ring,
          nicolae_spider_entry_lesser_pyramids, uniq_sonja
Lair:4:   layout_roguey, slime_entry_1, basic_altar, serial_bayou_shore_a,
          lemuel_fruit_tree
Lair:5:   due_jungle_book, layout_regular_city, enter_volcano_2, basic_altar,
          grunt_megastairs_5
Swamp:1:  layout_falls_marsh, basic_altar, swamp_pool1, ldierk_geyser
Swamp:2:  layout_basic_swamp, nicolae_swamp_dense_foliage, swamp_pool1,
          infiniplex_staircase_pool_2
Swamp:3:  layout_falls_marsh, ebering_ghost_inner_flame,
          nicolae_swamp_ascending_descending_big, hangedman_swamp_double_dragon
Swamp:4:  byrel_swamp_growth_death_and_undeath, layout_basic_swamp
Spider:1: layout_spider_delve
Spider:2: layout_spider_delve, uniq_mlioglotl, uniq_arachne
Spider:3: layout_spider_delve
Spider:4: grunt_spider_rune_parallel, hellmonk_deceptive_appearances,
          uniq_asterion
Slime:1:  layout_caves
Orc:1:    layout_caves, uniq_erica
Orc:2:    st_orc_rangers, layout_caves

Skill      XL: |  1  2  3  4  5  6  7  8  9 10 11 12 13 14 15 16 17 18 |
---------------+-------------------------------------------------------+-----
Shields        | 4 5 6 8 |  8.7
Axes           | 3 4 5 8 10 13 16 19 20 | 20.2
Fighting       | 8 11 13 15 16 18 19 | 19.0
Invocations    | 5 6 8 10 12 15 17 18 | 18.0
Armour         | 5 9 12 14 15 17 18 | 18.1
Dodging        | 4 6 |  6.0
Evocations     | |  0.1

Action                     |  1- 3 |  4- 6 |  7- 9 | 10-12 | 13-15 | 16-18 || total
---------------------------+-------+-------+-------+-------+-------+-------++-------
  Melee: War axe           |    95 |    89 |   108 |       |       |       ||   292
         Headbutt          |    15 |    13 |    35 |   104 |   266 |   278 ||   711
         Broad axe         |       |       |   187 |   517 |   906 |   688 ||  2298
         Demon whip        |       |       |       |    54 |    26 |   194 ||   274
  Throw: Javelin           |       |       |     4 |       |     1 |       ||     5
 Invoke: Heroism           |       |       |     4 |     5 |    17 |    14 ||    40
         Finesse           |       |       |       |       |     1 |     3 ||     4
  Evoke: Wand              |       |       |     6 |       |     7 |    17 ||    30
         Lightning rod     |       |       |       |     2 |       |     3 ||     5
         Condenser vane    |       |       |       |       |       |     1 ||     1
    Use: Scroll            |     4 |     2 |     3 |     2 |    18 |     9 ||    38
         Potion            |       |     1 |     2 |     2 |     2 |     7 ||    14
   Stab: Distracted        |       |       |       |     2 |       |       ||     2
 Armour: Scale mail        |    24 |       |       |       |       |       ||    24
         Chain mail        |     6 |    38 |   195 |   246 |   486 |   706 ||  1677
         Skin              |       |       |       |    25 |       |       ||    25
  Dodge: Dodged            |    38 |    33 |   182 |   225 |   779 |   680 ||  1937
  Block: Buckler           |    13 |    19 |    94 |   122 |   248 |       ||   496
